 Dungeon Sprint DCSS version 0.26-a0-540-g8a0c9464d7 (webtiles) character file.

Game seed: 973408311060567344

251 HoaS the Grappler (level 6, 0/35 HPs)
             Began as a Gargoyle Gladiator on Aug 19, 2020.
             Was a Follower of Makhleb.
             Slain by an orc warrior
             ... wielding a +0 scimitar
              (14 damage)
             ... in the Dungeon (Sprint IX: "|||||||||||||||||||||||||||||").
             The game lasted 00:01:27 (394 turns).

HoaS the Grappler (Gargoyle Gladiator)               Turns: 394, Time: 00:01:28

Health: 0/35       AC: 15    Str: 20    XL:     6   Next: 13%
Magic:  6/6        EV:  8    Int:  9    God:    Makhleb [*.....]
Gold:   0          SH:  0    Dex: 13    Spells: 5/5 levels left

rFire    . . .     SeeInvis .     - Unarmed
rCold    . . .     Faith    .   (no shield)
rNeg     + . .     Spirit   .   m - +1 chain mail
rPois    ∞         Reflect  .   b - +0 helmet
rElec    +         Harm     .   (no cloak)
rCorr    .         NoTele   +   l - +0 pair of gloves
MR       .....                  (no boots)
Stlth    ..........             (no amulet)
HPRegen  0.11/turn              o - +3 ring of strength
MPRegen  0.10/turn              (no ring)

@: no status effects
A: negative energy resistance 1, electricity resistance, unbreathing,
petrification resistance, rot immunity, AC +4
a: Renounce Religion


You were in the Dungeon.
You worshipped Makhleb.
Makhleb was aware of your devotion.
You visited 1 branch

Inventory:

Missiles
 c - 3 throwing nets (quivered)
Armour
 b - a +0 helmet (worn)
 l - a +0 pair of gloves (worn)
 m - a +1 chain mail (worn)
Jewellery
 o - a +3 ring of strength (left hand)
Wands
 k - a wand of iceblast (10)
Scrolls
 h - 3 scrolls of remove curse
 i - 2 scrolls of blinking
 j - 2 scrolls of amnesia
Potions
 d - 5 potions of curing
 e - 3 potions of heal wounds
 g - 4 potions of magic


   Skills:
 - Level 2.1 Fighting
 - Level 1.7 Throwing
 - Level 2.4 Dodging
 + Level 12.3 Unarmed Combat


You had 5 spell levels left.
You didn't know any spells.
Your spell library was empty.

Dungeon Overview and Level Annotations

Branches:
Dungeon (1/1)

Altars:
Cheibriados
Dithmenos
Elyvilon
Fedhas
Gozag
Hepliaklqana
Kikubaaqudgha
Makhleb
Nemelex Xobeh
Okawaru
Qazlal
Ru
Sif Muna
Trog
Uskayaw
Vehumet
Wu Jian
Xom
Yredelemnul
Zin
The Shining One
Beogh
Jiyva
Lugonu


Innate Abilities, Weirdness & Mutations

You are resistant to torment.
Your stone body is resilient. (AC +4)
You are immune to poison.
You resist negative energy. (rN+)
You are resistant to electric shocks. (rElec)
You can survive without breathing.
You are immune to petrification.
You are immune to rotting.


Message History

Makhleb accepts your kill.
You hit the orc warrior but do no damage.
You punch the orc warrior!
The orc warrior is moderately wounded.
The orc warrior completely misses you.
You hit the orc warrior.
The orc warrior is moderately wounded.
The orc warrior hits you with a +0 scimitar!
You barely miss the orc warrior.
The orc warrior is moderately wounded.
You hit the orc warrior. Your punch misses the orc warrior.
The orc warrior is heavily wounded.
The orc warrior barely misses you.
You closely miss the orc warrior.
The orc warrior is heavily wounded.
Your magical contamination has completely faded away.
You hit the orc warrior.
The orc warrior is heavily wounded.
The orc warrior hits you with a +0 scimitar!
You die... ▓▓▓▓▓▓▓▓▓▓▓▓▓▓▓▓▓▓▓▓▓▓▓▓ _______'..)..[..@oo..... ▓▓▓▓▓▓▓▓▓▓▓▓▓▓▓▓▓▓▓▓▓▓▓▓

You could see an orc warrior and an orc wizard.

Vanquished Creatures
  An ogre (D)
  A scorpion (D)
  A killer bee (D)
  A hound (D)
  A worker ant (D)
  An adder (D)
  A giant cockroach (D)
  2 hobgoblins (D)
  A quokka (D)
  A frilled lizard (D)
  A giant cockroach zombie (D)
  A kobold (D)
  A rat (D)
14 creatures vanquished.

Notes
Turn   | Place    | Note
-------+----------+-------------------------------------------
     0 | D        | HoaS the Gargoyle Gladiator began the quest for the Orb.
     0 | D        | Reached XP level 1. HP: 12/12 MP: 1/1
    13 | D        | Reached skill level 4 in Unarmed Combat
    55 | D        | Noticed a scorpion
    55 | D        | Noticed a hound
    55 | D        | Noticed an ogre
    64 | D        | Killed a scorpion
    64 | D        | Reached skill level 8 in Unarmed Combat
    64 | D        | Reached XP level 2. HP: 6/17 MP: 2/2
    64 | D        | Reached XP level 3. HP: 7/21 MP: 3/3
    64 | D        | Reached XP level 4. HP: 9/26 MP: 4/4
    67 | D        | Reached skill level 9 in Unarmed Combat
    70 | D        | Killed an ogre
    70 | D        | Reached skill level 11 in Unarmed Combat
    70 | D        | Reached XP level 5. HP: 11/30 MP: 5/5
   300 | D        | Found a roughly hewn altar of Beogh.
   300 | D        | Found a snail-covered altar of Cheibriados.
   300 | D        | Found a shadowy altar of Dithmenos.
   300 | D        | Found a white marble altar of Elyvilon.
   300 | D        | Found a blossoming altar of Fedhas.
   300 | D        | Found an opulent altar of Gozag.
   301 | D        | Found a hazy altar of Hepliaklqana.
   302 | D        | Found a viscous altar of Jiyva.
   303 | D        | Found an ancient bone altar of Kikubaaqudgha.
   304 | D        | Found a corrupted altar of Lugonu.
   305 | D        | Found a burning altar of Makhleb.
   306 | D        | Found a sparkling altar of Nemelex Xobeh.
   307 | D        | Found an iron altar of Okawaru.
   308 | D        | Found a stormy altar of Qazlal.
   309 | D        | Found a sacrificial altar of Ru.
   310 | D        | Found a shimmering blue altar of Sif Muna.
   311 | D        | Found a bloodstained altar of Trog.
   312 | D        | Found a hide-covered altar of Uskayaw.
   313 | D        | Became a worshipper of Makhleb the Destroyer
   314 | D        | Found a radiant altar of Vehumet.
   315 | D        | Found an ornate altar of the Wu Jian Council.
   316 | D        | Found a shimmering altar of Xom.
   317 | D        | Found a basalt altar of Yredelemnul.
   318 | D        | Found a glowing silver altar of Zin.
   319 | D        | Found a glowing golden altar of the Shining One.
   363 | D        | Noticed an orc warrior
   386 | D        | Reached * piety under Makhleb
   386 | D        | Reached skill level 12 in Unarmed Combat
   386 | D        | Reached XP level 6. HP: 31/35 MP: 6/6
   394 | D        | Slain by an orc warrior

Illustrated notes

Levels and vault maps discovered:
D:        linesprint [early_d, line_temple, items_1, d_10, items_2, lair_1,
          lair_end, items_3, orc_1, orc_end, items_4, d_15, swamp_1, shoals_1,
          snake_1, spider_1, d_20, vaults_1, items_5, swamp_end, shoals_end,
          snake_end, spider_end, vaults_end, d_27, items_6, zot_1, zot_end,
          crypt_end, forest_end, elf_end, slime_end, tomb_end, abyss_end,
          pan_hell_end]

Skill      XL: |  1  2  3  4  5 |
---------------+----------------+-----
Unarmed Combat | 8 11 12 | 12.3
Fighting       | |  2.1
Throwing       | |  1.7
Dodging        | |  2.4

Action                   |  1- 3 |  4- 6 || total
-------------------------+-------+-------++-------
Melee: Unarmed           |    20 |    41 ||    61
       Punch             |       |     1 ||     1
  Use: Potion            |     2 |     1 ||     3
 Stab: Invisible         |       |     4 ||     4
Armor: Leather armour    |     4 |     4 ||     8
       Chain mail        |       |    10 ||    10
Dodge: Dodged            |     1 |    17 ||    18

Table legend: (Time is in decaauts)
 A = Elapsed time spent in this place.
 B = Non-inter-level travel time spent in this place.
 C = Inter-level travel time spent in this place.
 D = Time resting spent in this place.
 E = Time spent auto-exploring this place.
 F = Levels seen in this place.
 G = Mean time per level.
                   A        B        C        D        E       F      G
               +--------+--------+--------+--------+--------+-----+--------+
         Total |    377 |    377 |      0 |    248 |      0 |   1 |  377.0 |
       Dungeon |    377 |    377 |      0 |    248 |      0 |   1 |  377.0 |
               +--------+--------+--------+--------+--------+-----+--------+

Top non-repeatable levels by time:
       D: 377 daAuts
